 Dungeon Crawl Stone Soup version 0.30-a0-585-g93115170b9 (webtiles) character file.

Game seed: 14551924466937930706

2412 OTABOTABOTAB the Changer (level 9, -3/60 HPs)
             Began as an Octopode Transmuter on Jan 3, 2023.
             Slain by an orc
             ... wielding a +0 morningstar
              (13 damage)
             ... on level 7 of the Dungeon.
             The game lasted 00:16:24 (6057 turns).

OTABOTABOTAB the Changer (Octopode Transmuter)      Turns: 6057, Time: 00:16:24

Health: -3/60      AC:  1    Str: 10    XL:     9   Next: 47%
Magic:  21/21      EV: 15    Int: 15    God:
Gold:   300        SH:  0    Dex: 16    Spells: 4/12 levels left

rFire   + + .      SeeInvis .      - Unarmed
rCold   . . .      Faith    .    (no shield)
rNeg    . . .      Spirit   .    (helmet restricted)
rPois   .          Reflect  .    r - amulet of magic regeneration
rElec   .          Harm     .    Q - +4 ring of slaying
rCorr   .          Rampage  .    a - ring "Jaha" {rF++ MP+9}
Will    .....                    (no ring)
Stlth   ++                       (no ring)
HPRegen 0.30/turn                (no ring)
MPRegen 0.57/turn                (no ring)
                                 (no ring)
                                 (no ring)

@: invisible
A: almost no armour, amphibious, 8 rings, camouflage 1, gelatinous body 1,
(nimble swimmer 1), tentacles
a: no special abilities


You were on level 7 of the Dungeon.
You visited 1 branch of the dungeon, and saw 7 of its levels.

You collected 352 gold pieces.
You spent 52 gold pieces at shops.

Inventory:

Missiles
 f - a throwing net {!d}
 h - 11 poisoned darts (quivered)
 s - 29 stones
Armour
 i - a +0 buckler
   (You found it on level 2 of the Dungeon)
Magical Staves
 e - a staff of poison {rPois}
   (You found it on level 5 of the Dungeon)
 m - a staff of cold {rC+}
   (You found it on level 2 of the Dungeon)
Jewellery
 a - the ring "Jaha" (right tentacle) {rF++ MP+9}
   (You acquired it on level 4 of the Dungeon)

   [ring of magical power]

   rF:        It greatly protects you from fire.
   MP:        It affects your magic capacity (+9).
 r - an amulet of magic regeneration (around mantle)
   (You found it on level 3 of the Dungeon)
 Q - a +4 ring of slaying (left tentacle)
   (You found it on level 2 of the Dungeon)
Wands
 d - a wand of digging (3)
   (You took it off Pikel on level 4 of the Dungeon)
 g - a wand of quicksilver (12)
   (You found it on level 5 of the Dungeon)
Scrolls
 o - a scroll of enchant weapon
Potions
 b - a potion of heal wounds {unknown}
 j - a potion of attraction {!q}
 B - a potion of brilliance
 G - a potion of ambrosia {!q}
 H - a potion of haste
 I - a potion of invisibility
 M - 6 potions of might
 P - 2 potions of lignification {!q}
 T - a potion of berserk rage {!q}
 U - a potion of mutation {!q}


   Skills:
 * Level 4.8 Fighting
 - Level 5.0 Dodging
 - Level 5.0 Unarmed Combat
 - Level 2.0 Spellcasting
 + Level 7.9 Transmutations
 - Level 5.0 Ice Magic
 - Level 3.0 Poison Magic


You had 4 spell levels left.
You knew the following spells:

 Your Spells              Type           Power      Damage    Failure   Level
a - Beastly Appendage     Tmut           50%        N/A       1%          1
b - Ice Form              Ice/Tmut       20%        N/A       16%         4
c - Spider Form           Tmut/Pois      17%        N/A       7%          3

Your spell library contained the following spells:

 Spells                   Type           Power      Damage    Failure   Level
 Wereblood                Tmut           25%        N/A       1%          2
 Magic Dart               Conj           4%         1d3       22%         1
 Cigotuvi's Dreadful Rot  Necr/Pois/Air  8%         N/A       22%         2
 Call Imp                 Summ           1%         N/A       32%         2
 Mephitic Cloud           Conj/Pois/Air  4%         N/A       41%         3
 Call Canine Familiar     Summ           1%         N/A       54%         3
 Portal Projectile        Hex/Tloc       2%         N/A       54%         3
 Tukima's Dance           Hex            1%         N/A       54%         3
 Anguish                  Hex/Necr       0%         N/A       91%         4
 Dispel Undead            Necr           1%         3d6       91%         4
 Leda's Liquefaction      Hex/Erth       0%         N/A       91%         4
 Passage of Golubria      Tloc           1%         N/A       91%         4
 Yara's Violent Unravell  Hex/Tmut       6%         3d5       77%         5
 Death Channel            Necr           0%         N/A       100%        6
 Enfeeble                 Hex            0%         N/A       100%        7


Dungeon Overview and Level Annotations

Branches:
Dungeon (7/15)
 Temple: D:4-7

Altars:
Trog

Shops:
D:4 **

Portals:
Abyss: D:6

Annotations:
D:6 2 transporters, wormed's ghost, novice GnMo


Innate Abilities, Weirdness & Mutations

You cannot wear most types of armour.
You are amphibious.
You can wear up to eight rings at the same time.
Your skin changes colour to match your surroundings (Stealth+).
Your rubbery body absorbs attacks. (AC +1, EV +1)
((You are camouflaged when in or above water. (Stealth+)))
You have tentacles for arms and can constrict up to eight enemies at once.


Message History

It was a scroll of noise.
Partly explored, unvisited transporter.
Partly explored, unvisited transporter.
Partly explored, unvisited transporter.
Partly explored, unvisited transporter.
Partly explored, unvisited transporter.
Partly explored, unvisited transporter.
Partly explored, unvisited transporter.
Search for what [Enter for "artefact", or ? for help]? altar Unknown command.
(D) Dungeon
Where to? (Enter - D:6, ? - help)
Okay, then.
Partly explored, unvisited transporter.
Partly explored, unvisited transporter.
Partly explored, unvisited transporter.
(D) Dungeon
Where to? (Enter - D:6, ? - help)
There is a stone staircase leading down here.
You climb downwards.
There is a stone staircase leading up here.
An orc and an orc wizard come into view.
The orc shouts!
The orc wizard shouts!
The orc wizard moves out of view.
You turn into a venomous arachnid creature.
You now have 18/21 mp.
An orc priest comes into view. It is wielding a +0 dagger.
An orc comes into view. It is wielding a +0 morningstar.
The orc shouts!
The orc completely misses you.
Unknown command.
The orc priest shouts!
You hit the orc.
The orc is poisoned.
You hear a shout!
You bite the orc!
You kill the orc!
An orc priest comes into view. It is wielding a +0 hand axe.
You hit the orc wizard.
The orc wizard is poisoned.
The orc priest invokes the aid of Beogh against you.
Beogh smites you!
The orc wizard casts a spell.
The orc wizard flickers and vanishes!
Deactivating autopickup; reactivate with Ctrl-A.
Unknown command.
You take 9 damage, and have 49/58 hp.
MP restored: 21 You hear some strange, mumbled words.
Something tries to affect you, but you resist.
Things that are here:
a +0 club; a +0 leather armour The orc priest invokes the aid of Beogh against you.
Beogh smites you!
You take 10 damage, and have 39/58 hp.
Your transformation is almost over.
The orc priest hits you with a +0 dagger.
You take 1 damage, and have 38/58 hp.
You hit the orc priest. The orc misses you.
The orc priest hits you with a +0 dagger.
Something hits you.
You take 3 damage, and have 35/58 hp.
You bite the orc priest! The orc closely misses you. Something hits you.
The orc priest barely misses you.
You take 1 damage, and have 34/58 hp.
You bite the orc priest!
You kill the orc priest!
The orc completely misses you. Something hits you.
Your life force feels restored.
You take 2 damage, and have 32/60 hp.
You bite the orc priest! The orc completely misses you.
The orc priest hits you with a +0 hand axe.
You hear some strange, mumbled words.
You are confused.
You take 4 damage, and have 28/60 hp.
You barely miss the orc priest. The orc barely misses you. Something hits you.
The orc priest hits you with a +0 hand axe.
You take 3 damage, and have 25/60 hp.
You bump into the rock wall.
The orc hits you with a +0 morningstar!
* * * LOW HITPOINT WARNING * * *
Something hits you.
* * * LOW HITPOINT WARNING * * *
The orc priest closely misses you.
You take 10 damage, and have 15/60 hp.
You're too confused to move!
The orc closely misses you. Something hits you.
* * * LOW HITPOINT WARNING * * *
The orc priest hits you with a +0 hand axe.
* * * LOW HITPOINT WARNING * * *
You feel better.
Your transformation has ended.
The orc barely misses you.
You hear some strange, mumbled words.
A magic dart appears from out of thin air!
The magic dart hits you.
* * * LOW HITPOINT WARNING * * *
The orc priest invokes the aid of Beogh against you.
You struggle to resist.
You take 5 damage, and have 10/60 hp.
You fade into invisibility!
The orc hits you with a +0 morningstar!
You die...

#.) #!# .# #.#
.. #.# #. #.# .
.## ##.#####...
..####..#o....)#
#.##..){@o#
#.##..#####
#<#...# #....##
##...# #.#.#
#.#... ...###..
.... ..


You could see an orc priest (unable to see you) and an orc (unable to see you).

Vanquished Creatures
  Pikel (D:4)
  Sigmund (D:2)
  2 water moccasins (D:6)
  A sky beast (D:6)
  An ice beast (D:5)
  A bullfrog (D:6)
  A kobold brigand (D:6)
  A necrophage (D:6)
  3 scorpions
  3 wights (D:6)
  3 hounds
  A jelly (D:6)
  A gnoll bouda (D:4)
  3 orc priests
  Crazy Yiuf (D:4)
  Ijyb (D:4)
  12 orc wizards
  13 gnolls
  8 adders
  A shadow imp (D:5)
  3 ufetubi (D:5)
  A worm (D:4)
  2 dart slugs (D:1)
  20 orcs
  5 ball pythons
  9 endoplasms
  3 giant cockroaches
  3 goblins
  5 hobgoblins
  2 quokkas
  2 bats
  2 frilled lizards
  7 kobolds
  4 rats
127 creatures vanquished.

Vanquished Creatures (others)
  15 fungi (D:4)
15 creatures vanquished.

Grand Total: 142 creatures vanquished

Notes
Turn   | Place    | Note
-------+----------+-------------------------------------------
     0 | D:1      | OTABOTABOTAB the Octopode Transmuter began the quest for
                  | the Orb.
     0 | D:1      | Reached XP level 1. HP: 13/13 MP: 3/3
    42 | D:1      | Found a faded altar of an unknown god.
   190 | D:1      | Reached XP level 2. HP: 12/18 MP: 3/5
   870 | D:2      | Reached XP level 3. HP: 16/23 MP: 4/6
  1104 | D:2      | Learned a level 3 spell: Spider Form
  1497 | D:2      | Noticed Sigmund
  1508 | D:2      | Killed Sigmund
  1509 | D:2      | Reached skill level 4 in Transmutations
  1509 | D:2      | Reached skill level 3 in Poison Magic
  1509 | D:2      | Reached XP level 4. HP: 23/29 MP: 3/7
  1509 | D:2      | Reached XP level 5. HP: 27/34 MP: 3/8
  1630 | D:2      | Reached XP level 6. HP: 15/39 MP: 2/9
  1804 | D:2      | Found a bloodstained altar of Trog.
  2195 | D:3      | Learned a level 4 spell: Ice Form
  2608 | D:3      | Reached skill level 1 in Ice Magic
  2611 | D:3      | Reached skill level 2 in Fighting
  3112 | D:4      | Reached skill level 4 in Unarmed Combat
  3112 | D:4      | Reached XP level 7. HP: 34/45 MP: 10/10
  3154 | D:4      | Reached skill level 5 in Transmutations
  3218 | D:4      | Reached skill level 3 in Dodging
  3218 | D:4      | Reached skill level 2 in Ice Magic
  3437 | D:4      | Noticed Pikel
  3451 | D:4      | Killed Pikel
  3452 | D:4      | Reached skill level 4 in Ice Magic
  3452 | D:4      | Reached XP level 8. HP: 21/51 MP: 8/11
  3619 | D:4      | Noticed Ijyb
  3632 | D:4      | Killed Ijyb
  3633 | D:4      | Found Hudaezyiss's Specific Store.
  3698 | D:4      | Found Kumase's General Store.
  3708 | D:4      | Bought a scroll of identify for 26 gold pieces
  3708 | D:4      | Bought a scroll of identify for 26 gold pieces
  3717 | D:4      | Identified a scroll of acquirement
  3717 | D:4      | Acquired the ring "Jaha" {rF++ MP+9}
  3801 | D:4      | Found a runed translucent door.
  3802 | D:4      | Noticed Crazy Yiuf
  4045 | D:4      | Reached skill level 6 in Transmutations
  4045 | D:4      | Reached skill level 5 in Ice Magic
  4237 | D:4      | Killed Crazy Yiuf
  4277 | D:5      | Entered Level 5 of the Dungeon
  4502 | D:5      | Reached skill level 7 in Transmutations
  5020 | D:6      | Reached skill level 3 in Fighting
  5256 | D:6      | Found a transporter.
  5257 | D:6      | Identified the +3 short sword "Newtbane" {distort, rC+ rN+
                  | rCorr Int+4}
  5335 | D:6      | Reached XP level 9. HP: 57/57 MP: 12/12
  5411 | D:6      | Reached skill level 4 in Dodging
  5411 | D:6      | Reached skill level 5 in Unarmed Combat
  5520 | D:6      | Reached skill level 4 in Fighting
  5691 | D:6      | Noticed a toenail golem
  5694 | D:6      | Noticed wormed's ghost (novice GnMo)
  5695 | D:6      | Noticed a green ugly thing
  5826 | D:6      | Reached skill level 5 in Dodging
  5957 | D:6      | Found a transporter.
  5961 | D:6      | Found a one-way gate to the infinite horrors of the Abyss.
  6054 | D:7      | HP: 15/60 [something (2)]
  6057 | D:7      | Slain by an orc

Illustrated notes

Levels and vault maps discovered:
D:1:      shiori_shiawase, layout_loops_ring,
          shapermc_ecumenical_altar_hornbeckon
D:2:      layout_basic, basic_altar, uniq_sigmund
D:3:      layout_rooms, roderic_roman_lattice, hex_large
D:4:      layout_rooms, serial_aquarium, aquarium_bridge_island_small
          [aquarium_subvault_small_water, aquarium_subvault_bridge,
          aquarium_subvault_window, aquarium_subvault_bridge,
          aquarium_subvault_bridge], aquarium_bridge_square
          [aquarium_subvault_wall, aquarium_subvault_bridge,
          aquarium_subvault_wall, aquarium_subvault_window],
          aquarium_window_fake, aquarium_window_3, aquarium_window_2,
          aquarium_view_2a, aquarium_view_2e, aquarium_pool_2,
          nicolae_specific_store, uniq_ijyb, uniq_pikel, uniq_crazy_yiuf_cottage
D:5:      layout_rooms
D:6:      layout_basic, gammafunk_ghost_abyssal_escape,
          minmay_a_box_with_orc_wizards_in_it
D:7:      layout_rooms, minmay_temple_entry_from_below_a

Skill      XL: |  1  2  3  4  5  6  7  8  9 |
---------------+----------------------------+-----
Transmutations | 4 5 7 |  7.9
Poison Magic   | 3 |  3.0
Ice Magic      | 1 4 5 |  5.0
Fighting       | 2 3 4 |  4.8
Unarmed Combat | 4 5 |  5.0
Dodging        | 3 5 |  5.0
Spellcasting   | |  2.0

Action                   |  1- 3 |  4- 6 |  7- 9 || total
-------------------------+-------+-------+-------++-------
Melee: Unarmed           |    45 |    71 |   177 ||   293
       Tentacles         |    12 |     4 |     1 ||    17
       Constrict         |    15 |     4 |       ||    19
       Kick              |    12 |       |       ||    12
Throw: Stone             |    21 |    20 |    12 ||    53
       Dart              |       |       |    28 ||    28
 Cast: Beastly Appendage |    18 |     1 |       ||    19
       Spider Form       |     1 |    22 |    18 ||    41
       Ice Form          |       |       |    20 ||    20
 Abil: End Transformatio |    16 |    19 |    31 ||    66
  Use: Scroll            |       |     5 |    14 ||    19
       Potion            |       |       |     3 ||     3
 Stab: Sleeping          |     5 |       |       ||     5
Armor: Skin              |     2 |     1 |    31 ||    34
Dodge: Dodged            |    21 |    66 |   138 ||   225

Table legend: (Time is in decaauts)
 A = Elapsed time spent in this place.
 B = Non-inter-level travel time spent in this place.
 C = Inter-level travel time spent in this place.
 D = Time resting spent in this place.
 E = Time spent auto-exploring this place.
 F = Levels seen in this place.
 G = Mean time per level.
                   A        B        C        D        E       F      G
               +--------+--------+--------+--------+--------+-----+--------+
         Total |   6042 |   5948 |     94 |    804 |   4018 |   7 |  863.1 |
       Dungeon |   6042 |   5948 |     94 |    804 |   4018 |   7 |  863.1 |
               +--------+--------+--------+--------+--------+-----+--------+

Top non-repeatable levels by time:
     D:2: 1311 daAuts
     D:4: 1193 daAuts
     D:5: 932 daAuts
     D:3: 900 daAuts
     D:1: 868 daAuts
     D:6: 816 daAuts
     D:7: 20 daAuts

Table legend:
 A = Kills in this place as a percentage of kills in entire the game.
 B = Kills by you in this place as a percentage of kills by you in the entire game.
 C = Kills by friends in this place as a percentage of kills by friends in the entire game.
 D = Other kills in this place as a percentage of other kills in the entire game.
 E = Experience gained in this place as a percentage of experience gained in the entire game.
 F = Experience gained in this place divided by the number of levels of this place that you have seen.
                   A       B       C       D       E      F
               +-------+-------+-------+-------+-------+----------------------
         Total | 100.0 | 100.0 |   N/A |   N/A | 100.0 | 492.3
       Dungeon | 100.0 | 100.0 |   N/A |   N/A | 100.0 | 492.3
               +-------+-------+-------+-------+-------+----------------------
